 Dungeon Crawl Stone Soup version 0.29-a0-284-gf9362112df (webtiles) character file.

Game seed: 10785899507858666761

84221 ders the Warrior (level 15, -19/108 HPs)
             Began as a Gargoyle Earth Elementalist on Mar 17, 2022.
             Was a High Priest of Ru.
             Killed from afar by a fire dragon (53 damage)
             ... with a blast of flame
             ... on level 14 of the Dungeon on Mar 18, 2022.
             The game lasted 00:50:54 (27427 turns).

ders the Warrior (Gargoyle Earth Elementalist)     Turns: 27427, Time: 00:50:55

Health: -19/108    AC: 37    Str: 22    XL:     15   Next: 79%
Magic:  13/18      EV:  1    Int: 23    God:    Ru [*****.]
Gold:   1680       SH: 22    Dex: 10    Spells: 15/19 levels left

rFire   . . .      SeeInvis .   m - +10 hand axe "Xiemoiv" {speed, Will+ Int+4}
rCold   + + +      Faith    .   y - +7 tower shield of Slovenliness {Fly Slay+3}
rNeg    + . .      Spirit   .   Q - +2 crystal plate armour {rC+}
rPois   ∞          Reflect  .   I - +1 hat {Stlth+}
rElec   +          Harm     .   q - scarf {rC+ rF+}
rCorr   .          Rampage  .   F - +1 pair of gloves
Will    +....                   n - +1 pair of boots
Stlth   ..........              T - amulet of regeneration
HPRegen 1.08/turn               t - ring of ice
MPRegen 0.16/turn               h - +6 ring of strength

@: mighty, exhausted, flying
A: sickness immunity, AC +11, big wings, negative energy resistance 1,
electricity resistance, torment resistance 1, petrification resistance,
inability to use devices, hated by all, no hexes magic, no ice magic, no
necromancy magic, weak-willed 1
a: Renounce Religion, Draw Out Power, Power Leap, Apocalypse


You were on level 14 of the Dungeon.
You worshipped Ru.
Ru was extremely pleased with you.
You visited 4 branches of the dungeon, and saw 23 of its levels.
You also visited: Ice Cave.

You collected 2087 gold pieces.
You spent 407 gold pieces at shops.

Inventory:

Hand Weapons
 m - the +10 hand axe "Xiemoiv" (weapon) {speed, Will+ Int+4}
   (You found it on level 2 of the Dungeon)

   Attacks with this weapon are significantly faster.
   Int:       It affects your intelligence (+4).
   Will:      It increases your willpower.
 J - the +6 Majin-Bo {vamp, MP+6 Int+6}
   (You found it on level 1 of the Lair of Beasts)

   It occasionally heals its wielder for a portion of the damage dealt when they
   wound a living foe with it or with a spell.
   Its wielder's spells cost health as well as magical power.
   Int:       It affects your intelligence (+6).
   MP:        It affects your magic capacity (+6).
 Y - the +7 flail of Roivedgh {elec, rPois rCorr}
   (You took it off Urug on level 12 of the Dungeon)

   It occasionally discharges a powerful burst of electricity upon striking a
   foe.
   rPois:     It protects you from poison.
   rCorr:     It protects you from acid and corrosion.
Missiles
 s - 510 stones (quivered)
 E - 14 boomerangs of dispersal
 Z - 5 javelins
Armour
 b - a +0 buckler
 n - a +1 pair of boots (worn)
 q - a scarf of resistance (worn)
 y - the +7 tower shield of Slovenliness (worn) {Fly Slay+3}
   (You found it on level 13 of the Dungeon)

   Slay:      It affects your accuracy & damage with ranged weapons and melee
   (+3).
   Fly:       It grants you flight.
 F - a +1 pair of gloves (worn)
 G - a +2 troll leather armour {Snorg}
 I - a +1 hat of stealth (worn)
 Q - a +2 crystal plate armour of cold resistance (worn)
 S - a +2 kite shield of cold resistance
Jewellery
 h - a +6 ring of strength (right hand)
 t - a ring of ice (left hand)
 u - a +6 ring of strength
 M - an amulet of the acrobat
 T - an amulet of regeneration (around neck)
 U - a +6 ring of intelligence
 V - a ring of wizardry
 W - the ring "Valoatih" {rPois AC+4 Int+6 Dex-4 Slay-3}
   (You found it on level 11 of the Dungeon)

   [ring of protection]

   AC:        It affects your AC (+4).
   Int:       It affects your intelligence (+6).
   Dex:       It affects your dexterity (-4).
   Slay:      It affects your accuracy & damage with ranged weapons and melee
   (-3).
   rPois:     It protects you from poison.
 X - an amulet of reflection
Wands
 i - a wand of iceblast (48)
 r - a wand of flame (61)
 w - a wand of mindburst (21)
Scrolls
 e - 2 scrolls of immolation
 f - 5 scrolls of enchant weapon
 g - 4 scrolls of teleportation
 k - a scroll of blinking
 z - a scroll of acquirement {unknown}
 A - 4 scrolls of vulnerability
 K - 2 scrolls of noise
 N - 2 scrolls of identify
 O - a scroll of fear
Potions
 a - 5 potions of mutation
 c - 2 potions of magic
 d - a potion of lignification
 j - 4 potions of flight
 l - 3 potions of curing
 o - a potion of might
 p - 2 potions of cancellation
 v - a potion of invisibility
 x - 3 potions of resistance
 B - 3 potions of degeneration
 C - 5 potions of attraction
 D - a potion of ambrosia
 L - 2 potions of brilliance
 P - 2 potions of haste


   Skills:
 * Level 18.1 Fighting
 - Level 15.1 Axes
 + Level 3.5 Throwing
 * Level 6.8 Armour
 - Level 2.2 Dodging
 - Level 2.1 Stealth
 * Level 10.6 Shields
 - Level 2.6 Spellcasting
 - Level 1.8 Conjurations
 - Level 0.7 Transmutations
 - Level 10.2 Earth Magic


You had 15 spell levels left.
You knew the following spells:

 Your Spells              Type           Power      Damage    Failure   Level
a - Sandblast             Erth           100%       2d20      75%         1
b - Stone Arrow           Conj/Erth      60%        3d10      100%        3

Your spell library contained the following spells:

 Spells                   Type           Power      Damage    Failure   Level
 Magic Dart               Conj           44%        1d5       100%        1
 Passwall                 Tmut/Erth      23%        N/A       100%        2
 Conjure Flame            Conj/Fire      7%         6-21      100%        3
 Ignite Poison            Fire/Tmut/Pois 4%         N/A       100%        3
 Mephitic Cloud           Conj/Pois/Air  5%         N/A       100%        3
 Airstrike                Air            1%         N/A       100%        4
 Olgreb's Toxic Radiance  Pois           3%         N/A       100%        4
 Passage of Golubria      Tloc           3%         N/A       100%        4
 Petrify                  Tmut/Erth      28%        N/A       100%        4
 Sticky Flame             Conj/Fire      7%         2d3       100%        4
 Lightning Bolt           Conj/Air       3%         1d15      100%        5
 Ignition                 Fire           1%         3d3       100%        8
 Animate Skeleton         Necr           Unusable   N/A       N/A         1
 Pain                     Necr           Unusable   1d4       N/A         1
 Call Imp                 Summ           Unusable   N/A       N/A         2
 Ensorcelled Hibernation  Hex/Ice        Unusable   N/A       N/A         2
 Confusing Touch          Hex            Unusable   N/A       N/A         3
 Ozocubu's Armour         Ice            Unusable   N/A       N/A         3
 Tukima's Dance           Hex            Unusable   N/A       N/A         3
 Hailstorm                Conj/Ice       Unusable   3d5       N/A         4
 Leda's Liquefaction      Hex/Erth       Unusable   N/A       N/A         4
 Summon Lightning Spire   Summ/Air       Unusable   N/A       N/A         4
 Borgnjor's Vile Clutch   Necr/Erth      Unusable   N/A       N/A         5
 Freezing Cloud           Conj/Ice/Air   Unusable   6-21      N/A         5
 Metabolic Englaciation   Hex/Ice        Unusable   N/A       N/A         5
 Yara's Violent Unravell  Hex/Tmut       Unusable   3d3       N/A         5
 Simulacrum               Ice/Necr       Unusable   N/A       N/A         6
 Enfeeble                 Hex            Unusable   N/A       N/A         7
 Ozocubu's Refrigeration  Ice            Unusable   4d5       N/A         7

Dungeon Overview and Level Annotations

Branches:
Dungeon (14/15)            Temple (1/1) D:6            Lair (6/6) D:10
  Swamp (0/4) Lair:3        Snake (0/4) Lair:2        Slime (0/5) Lair:5
    Orc (2/2) D:12            Elf (0/3) Orc:2        Vaults (0/5) D:13
  IceCv (visited)

Altars:
Ashenzari
Cheibriados
Dithmenos
Elyvilon
Fedhas
Gozag
Hepliaklqana
Kikubaaqudgha
Makhleb
Nemelex Xobeh
Okawaru
Qazlal
Ru
Sif Muna
Trog
Uskayaw
Vehumet
Wu Jian
Xom
Yredelemnul
Zin
The Shining One
Jiyva

Shops:
D:2 [   D:10 [   Orc:2 ![:[

Portals:
Abyss: D:9

Annotations:
D:9 2 transporters, SirDiesAlot's ghost, novice KoBr
D:11 2 transporters, frimble's ghost, journeyman DjCA
Lair:6 exclusion: oklob plant


Innate Abilities, Weirdness & Mutations

You are immune to sickness and miasma.
Your stone body is resilient. (AC +11)
You are immune to poison.
Your large and strong wings let you fly.
You resist negative energy. (rN+)
You are resistant to electric shocks. (rElec)
You are resistant to unholy torment.
You are immune to petrification.
You cannot study or use magical devices.
You are hated by all.
You cannot study or cast Hexes magic.
You cannot study or cast Ice magic.
You cannot study or cast Necromancy magic.
You are slightly weak-willed. (Will-)


Message History

Found a wand of iceblast (8).
The lava snake hisses angrily. x2
The efreet gestures at you.
The fireball explodes!
The fireball engulfs you but does no damage.
The fireball engulfs the efreet.
The efreet completely resists.
The fireball engulfs the fire dragon.
The fire dragon resists.
The lava snake begins to attack, but is stunned by your conviction!
You redirect the lava snake's attack!
The lava snake spits lava at the efreet.
The glob of lava hits the efreet.
The efreet partially resists.
The lindwurm begins to attack, but is stunned by your conviction!
The fire dragon begins to attack, but is stunned by your conviction!
You feel very mighty all of a sudden.
The efreet is stunned by your conviction and fails to attack.
You block the fire dragon's attack.
The fire dragon claws you but does no damage.
The fire dragon tramples you but does no damage.
You slash the fire dragon!
The fire dragon is heavily wounded.
You slash the lindwurm! You slash the efreet!
You kill the efreet!
You hear a sizzling splash.
You block the lindwurm's attack. x2
The lindwurm claws you but does no damage.
The fire dragon breathes flames at you. The blast of flame hits you!!
You slash the fire dragon!
The fire dragon is severely wounded.
You slash the lindwurm! You slice the fire dragon!!
The fire dragon is almost dead.
You hit the lindwurm. The lindwurm breathes flames at you.
The blast of flame hits you!!
You focus your inner power and paralyse the lindwurm in retribution!
You redirect the lava snake's attack!
The fire dragon breathes flames at you. The blast of flame hits you!!!
You die...

#..................
#################..... §
§§§≈≈§≈# #.....
≈≈§§≈≈≈§≈# #..[..
≈§§§§≈≈≈≈# #.....
≈≈≈S.≈≈≈≈##########.....
≈≈≈.$!S≈≈..○°§§○☼.......
≈≈/.>.kD≈..☼°§☼☼§.......
≈≈≈.[§§@≈..○☼°○☼°...####
≈≈§≈§S≈§≈############
≈§§§≈§≈≈≈# ≈≈§≈§§≈§≈#
≈≈≈≈§§§≈≈# ##########


You could see a fire dragon (catching breath), a lindwurm (paralysed, catching
breath) and 3 lava snakes.

Vanquished Creatures
  Jorgrun (Orc:1)
  Gastronok (Lair:3)
  Snorg (D:10)
  A fire dragon (Lair:6)
  An ettin (Orc:1)
  A rakshasa (D:14)
  Fannar (D:12)
  Erolcha (Orc:2)
  2 boulder beetles
  2 vault guards (D:13)
  A catoblepas (Lair:6)
  An ice dragon (Lair:6)
  8 hydras
  3 centaur warriors
  6 two-headed ogres
  An alligator (Lair:6)
  3 orc high priests (Orc:2)
  2 tengu warriors (D:14)
  Urug (D:12)
  A swamp dragon (Lair:6)
  A manticore (D:11)
  5 orc knights
  6 cyclopes
  6 orc sorcerers (Orc:2)
  9 ugly things
  3 black mambas
  An ice statue (IceCv)
  12 elephants
  Joseph (D:10)
  Maurice (D:8)
  6 cane toads
  A gargoyle (D:14)
  2 unseen horrors
  3 rime drakes
  3 tengu conjurers
  2 kobold demonologists
  14 komodo dragons
  Psyche (D:12)
  3 efreet
  4 meliai
  3 trolls
  6 polar bears
  14 blink frogs
  A slime creature (D:12)
  7 dream sheep (Lair:5)
  A shadow (D:12)
  79 yaks
  4 wyverns
  A water elemental (D:14)
  3 basilisks
  5 wraiths
  10 humans (D:13)
  A fire elemental (Orc:1)
  5 vampire mosquitoes
  2 steam dragons (Lair:6)
  A warg (Lair:6)
  2 nagas (Lair:2)
  A swamp worm (shapeshifter) (D:14)
  3 acid dragons
  15 water moccasins
  21 orc warriors
  A swamp drake (Lair:6)
  A sky beast (D:6)
  4 ogres
  35 wolves
  14 centaurs
  3 phantoms
  7 kobold brigands
  15 bullfrogs
  2 gnoll sergeants
  A scorpion (D:4)
  4 wights (D:6)
  5 killer bees (D:8)
  An electric eel (D:14)
  3 vampire bats (D:4)
  4 howler monkeys
  2 hounds
  8 orc priests
  A jelly (D:4)
  9 iguanas
  Jessica (D:2)
  Ijyb (D:3)
  16 orc wizards
  2 human simulacra (D:11)
  12 gnolls
  4 adders
  A white imp (D:6)
  2 ufetubi (D:7)
  A worm (D:4)
  A dart slug (D:3)
  50 orcs
  5 ball pythons
  2 bats
  3 bat skeletons (D:4)
  3 bat zombies (D:4)
  9 endoplasms
  2 giant cockroaches
  2 goblins (D:2)
  10 hobgoblins
  9 jackals
  6 quokkas
  4 frilled lizards
  39 kobolds
  4 rats
617 creatures vanquished.

Vanquished Creatures (others)
  A boulder beetle (D:12)
  An elephant (Lair:6)
  A warg (Orc:1)
  A swamp drake (Lair:6)
  2 wolves (Lair:6)
  A bullfrog (Lair:2)
  2 orcs
  53 fungi
  68 plants
130 creatures vanquished.

Grand Total: 747 creatures vanquished

Notes
Turn   | Place    | Note
-------+----------+-------------------------------------------
     0 | D:1      | ders the Gargoyle Earth Elementalist began the quest for
                  | the Orb.
     0 | D:1      | Reached XP level 1. HP: 10/10 MP: 3/3
   429 | D:1      | Reached XP level 2. HP: 15/15 MP: 0/5
   572 | D:1      | Found a faded altar of an unknown god.
   646 | D:1      | Reached skill level 1 in Conjurations
  1124 | D:2      | Reached XP level 3. HP: 19/19 MP: 4/6
  1128 | D:2      | Learned a level 3 spell: Stone Arrow
  1150 | D:2      | Found Atilit's Antique Armour Emporium.
  1163 | D:2      | Noticed Jessica
  1672 | D:2      | Identified the +10 hand axe "Xiemoiv" {speed, Will+ Int+4}
  1690 | D:2      | Killed Jessica
  1691 | D:2      | Reached skill level 1 in Fighting
  1691 | D:2      | Reached XP level 4. HP: 25/25 MP: 7/7
  1704 | D:2      | Got Jessica's Compendium of Black Arts
  1739 | D:2      | You fall into a shaft and drop 1 floor!
  1746 | D:3      | Reached skill level 1 in Axes
  2176 | D:3      | Noticed a water moccasin
  2186 | D:3      | Killed a water moccasin
  2187 | D:3      | Reached skill level 3 in Fighting
  2187 | D:3      | Reached XP level 5. HP: 23/32 MP: 1/8
  2368 | D:3      | Noticed Ijyb
  2374 | D:3      | Killed Ijyb
  2375 | D:3      | Reached XP level 6. HP: 32/37 MP: 2/9
  3040 | D:4      | Reached skill level 4 in Fighting
  3271 | D:4      | Found an ancient bone altar of Kikubaaqudgha.
  3276 | D:4      | Reached XP level 7. HP: 43/43 MP: 10/10
  3286 | D:4      | Reached skill level 5 in Earth Magic
  3495 | D:5      | Entered Level 5 of the Dungeon
  3566 | D:5      | Reached skill level 5 in Fighting
  3843 | D:5      | Reached XP level 8. HP: 50/50 MP: 4/11
  4443 | D:6      | Reached skill level 6 in Fighting
  4453 | D:6      | Reached skill level 5 in Axes
  4655 | D:6      | Found a staircase to the Ecumenical Temple.
  4677 | Temple   | Entered the Ecumenical Temple
  5619 | D:6      | Reached skill level 7 in Fighting
  5888 | D:7      | Reached XP level 9. HP: 57/57 MP: 2/12
  6207 | D:7      | Found an iron altar of Okawaru.
  6207 | D:7      | Found a sparkling altar of Nemelex Xobeh.
  6229 | D:7      | Found a sacrificial altar of Ru.
  6229 | D:7      | Found a stormy altar of Qazlal.
  6317 | D:7      | Became a worshipper of Ru the Awakened
  6463 | D:7      | Found a basalt altar of Yredelemnul.
  6650 | D:8      | Reached skill level 8 in Fighting
  6869 | D:8      | Found a glowing golden altar of the Shining One.
  7192 | D:8      | Noticed Maurice
  7199 | D:8      | Killed Maurice
  7200 | D:8      | Reached skill level 9 in Fighting
  7492 | D:9      | Noticed a kobold demonologist
  7500 | D:9      | Killed a kobold demonologist
  7501 | D:9      | Reached XP level 10. HP: 64/66 MP: 9/13
  7613 | D:9      | Identified the +6 mace of the Fae God {vorpal, rElec Will-
                  | Dex+8}
  7617 | D:9      | Gained mutation: You are hated by all. [Ru sacrifice]
  7617 | D:9      | Reached * piety under Ru
  7821 | D:9      | Reached skill level 10 in Fighting
  7964 | D:9      | Found an opulent altar of Gozag.
  7998 | D:9      | Noticed a toenail golem
  8005 | D:9      | Found a transporter.
  8160 | D:9      | Noticed a skeletal warrior
  8182 | D:9      | Noticed a toenail golem
  8184 | D:9      | Found a one-way gate to the infinite horrors of the Abyss.
  8184 | D:9      | Noticed SirDiesAlot's ghost (novice KoBr)
  8186 | D:9      | Noticed a brown ugly thing
  8221 | D:9      | Noticed a two-headed ogre
  8227 | D:9      | Killed a two-headed ogre
  8266 | D:9      | Noticed a toenail golem
  8304 | D:9      | Found a transporter.
  8953 | D:10     | Entered Level 10 of the Dungeon
  8953 | D:10     | Noticed a kobold demonologist
  8964 | D:10     | Killed a kobold demonologist
  8965 | D:10     | Reached skill level 11 in Fighting
  9049 | D:10     | Found Azeetash's Antique Armour Shoppe.
  9060 | D:10     | Bought a pair of glowing gloves for 225 gold pieces
  9101 | D:10     | Reached XP level 11. HP: 55/74 MP: 1/14
  9304 | D:10     | Noticed Joseph
  9625 | D:10     | Noticed Snorg
  9637 | D:10     | Killed Snorg
  9638 | D:10     | Reached skill level 1 in Shields
  9780 | D:10     | Reached skill level 10 in Axes
  9886 | D:10     | Found a staircase to the Lair.
 10213 | D:10     | Reached skill level 12 in Fighting
 10313 | D:10     | Killed Joseph
 11022 | Lair:1   | Entered Level 1 of the Lair of Beasts
 11313 | Lair:1   | Gained mutation: You cannot study or use magical devices.
                  | [Ru sacrifice]
 11313 | Lair:1   | Reached ** piety under Ru
 11313 | Lair:1   | Reached *** piety under Ru
 11481 | Lair:1   | Found the +6 Majin-Bo {vamp, MP+6 Int+6}
 12162 | Lair:1   | Reached XP level 12. HP: 82/82 MP: 6/15
 12270 | Lair:2   | Reached skill level 13 in Fighting
 12489 | Lair:2   | Found a staircase to the Snake Pit.
 12626 | Lair:2   | Noticed a five-headed hydra
 12632 | Lair:2   | Killed a five-headed hydra
 12956 | Lair:2   | Noticed an eight-headed hydra
 12974 | Lair:2   | Killed an eight-headed hydra
 12975 | Lair:2   | Reached skill level 5 in Shields
 13680 | Lair:3   | Noticed a five-headed hydra
 14234 | Lair:3   | Noticed a five-headed hydra
 14371 | Lair:3   | Noticed Gastronok
 14390 | Lair:3   | Killed Gastronok
 14391 | Lair:3   | Reached skill level 14 in Fighting
 14553 | Lair:3   | Noticed a six-headed hydra
 14566 | Lair:3   | Killed a seven-headed hydra
 14675 | Lair:3   | Killed a five-headed hydra
 15138 | Lair:3   | Found a staircase to the Swamp.
 15184 | Lair:3   | Reached XP level 13. HP: 84/91 MP: 5/16
 15742 | Lair:4   | Reached skill level 15 in Fighting
 16171 | Lair:4   | Gained mutation: You are slightly weak-willed. (Will-) [Ru
                  | sacrifice]
 16171 | Lair:4   | Reached **** piety under Ru
 16171 | Lair:4   | Reached ***** piety under Ru
 16541 | Lair:5   | Found a staircase to the Slime Pits.
 16803 | Lair:5   | Got the Volume of Cold and Clay
 17686 | Lair:6   | Entered Level 6 of the Lair of Beasts
 17691 | Lair:6   | Found a frozen archway.
 17694 | Lair:6   | Noticed an ice dragon
 17733 | Lair:6   | Killed an ice dragon
 17741 | IceCv    | Entered an ice cave
 18025 | IceCv    | Reached skill level 10 in Earth Magic
 18677 | Lair:6   | Reached skill level 16 in Fighting
 18713 | Lair:6   | Gained mutation: Your large and strong wings let you fly.
                  | [Gargoyle growth]
 18713 | Lair:6   | Reached XP level 14. HP: 73/100 MP: 17/17
 19296 | Lair:6   | Found a shimmering altar of Xom.
 20630 | D:11     | Identified the ring "Valoatih" {rPois AC+4 Int+6 Dex-4
                  | Slay-3}
 20680 | D:11     | Noticed frimble's ghost (journeyman DjCA)
 20773 | D:11     | Found a transporter.
 20780 | D:11     | Found a transporter.
 21542 | D:11     | Reached skill level 1 in Armour
 22047 | D:12     | Identified the +7 flail of Roivedgh {elec, rPois rCorr}
 22047 | D:12     | Noticed Urug
 22319 | D:12     | Killed Urug
 22320 | D:12     | Reached skill level 17 in Fighting
 23028 | D:12     | Found a staircase to the Orcish Mines.
 23194 | D:12     | Noticed Psyche
 23201 | D:12     | Killed Psyche
 23249 | D:12     | Reached skill level 1 in Throwing
 23607 | D:12     | Noticed Fannar
 23619 | D:12     | Killed Fannar
 23745 | Orc:1    | Entered Level 1 of the Orcish Mines
 24209 | Orc:1    | Reached XP level 15. HP: 102/102 MP: 18/18
 24406 | Orc:2    | Entered Level 2 of the Orcish Mines
 24406 | Orc:2    | Noticed Erolcha
 24415 | Orc:2    | Noticed Jorgrun
 24479 | Orc:2    | Killed Erolcha
 24554 | Orc:1    | Killed Jorgrun
 24636 | Orc:2    | Paralysed by an orc sorcerer for 7 turns
 24789 | Orc:2    | Found a staircase to the Elven Halls.
 24905 | Orc:2    | Reached skill level 15 in Axes
 24905 | Orc:2    | Reached skill level 5 in Armour
 24905 | Orc:2    | Found Wiacs's Antique Armour Shoppe.
 24905 | Orc:2    | Found Fasaaxy's Distillery.
 24911 | Orc:2    | Paralysed by an orc sorcerer for 3 turns
 24928 | Orc:2    | Found Neluigh's Armour Boutique.
 24965 | Orc:2    | Found Jevox's Book Boutique.
 24978 | Orc:2    | Bought a potion of might for 52 gold pieces
 24978 | Orc:2    | Bought a potion of haste for 130 gold pieces
 25742 | D:13     | Reached skill level 10 in Shields
 25942 | D:13     | Found a gate to the Vaults.
 25949 | D:13     | Identified the +7 tower shield of Slovenliness {Fly Slay+3}
 26307 | D:14     | Gained mutation: You cannot study or cast Ice magic. [Ru
                  | sacrifice]
 26307 | D:14     | Gained mutation: You cannot study or cast Hexes magic. [Ru
                  | sacrifice]
 26307 | D:14     | Gained mutation: You cannot study or cast Necromancy magic.
                  | [Ru sacrifice]
 26481 | D:14     | Reached skill level 18 in Fighting
 27427 | D:14     | Killed from afar by a fire dragon

Illustrated notes

Levels and vault maps discovered:
D:1:      tarquinn_simple_flora_water_d, layout_loops_ring,
          shapermc_ecumenical_altar_pompeii
D:2:      layout_basic, serial_shops, nicolae_shop_stone,
          kennysheep_jessica_study, uniq_jessica
D:3:      layout_loops_ring, st_stairs_8, kennysheep_nub,
          chequers_serial_rivers_large_b, uniq_ijyb
D:4:      layout_cave_pools, kennysheep_vampire_church, st_stairs_4
D:5:      layout_rooms, serial_bayou_ford_a
D:6:      layout_loops_ring, minmay_temple_entry_stoned_glass
D:7:      layout_rooms, gammafunk_temple_overflow_wave, lemuel_crystal_altar,
          grunt_temple_overflow_open
D:8:      layout_loops_ring, kennysheep_mini, uniq_maurice
D:9:      layout_small_grid, grunt_gozag_breadcrumbs,
          gammafunk_ghost_abyssal_escape, minmay_unpleasant_kobolds
D:10:     layout_long_grid, erik_lair_dragon, serial_shops, shop,
          grunt_ministairs_1, uniq_joseph, uniq_snorg
D:11:     layout_loops_ring, gammafunk_ghost_hive, bh_circular_ruins
D:12:     layout_grid_maze, orc_0_dummy, amcnicky_mini_corridor_feature,
          lightli_fourway_metalbox, uniq_fannar, uniq_psyche, uniq_urug
D:13:     layout_long_grid, ximxim_vaults_locker_room, kennysheep_generic_room_4
D:14:     lemuel_flame_loot_2, layout_irregular_city, fountainhead
Temple:   eino_narrow_crystal_temple
Lair:1:   layout_regular_city
Lair:2:   layout_cave_pods, guppyfry_snake_entry_garden
Lair:3:   layout_chaotic_city, swamp_mist, serial_bayou_shore_b, uniq_gastronok
Lair:4:   layout_long_grid
Lair:5:   layout_gridlike, slime_altar_1
Lair:6:   guppyfry_lair_end_dragon, layout_long_grid,
          hangedman_lair_caniforms_friends,
          portal_ice_cave_entry_animals_and_master, basic_altar
Orc:1:    cheibrodos_orc_bank, layout_diamond_mine, lemuel_statue_altar,
          nicolae_orc_lava_tube, mines1_david
Orc:2:    st_orc_elflike, layout_caves, uniq_jorgrun, uniq_erolcha

Skill      XL: |  1  2  3  4  5  6  7  8  9 10 11 12 13 14 15 |
---------------+----------------------------------------------+-----
Conjurations   | 1 |  1.8
Earth Magic    | 4 5 6 8 9 10 | 10.2
Fighting       | 1 3 4 5 7 9 11 12 14 16 17 18 | 18.1
Axes           | 2 3 4 6 7 9 10 12 13 14 15 | 15.1
Shields        | 3 6 8 9 10 | 10.6
Armour         | 3 6 |  6.8
Dodging        | 2 |  2.2
Throwing       | 1 3 |  3.5
Stealth        | |  2.1
Spellcasting   | |  2.6
Transmutations | |  0.7

Action                   |  1- 3 |  4- 6 |  7- 9 | 10-12 | 13-15 || total
-------------------------+-------+-------+-------+-------+-------++-------
Melee: Unarmed           |     1 |       |       |       |       ||     1
       Dagger            |    48 |       |       |       |       ||    48
       Hand axe          |     2 |    81 |   135 |   391 |  1284 ||  1893
       Punch             |       |       |     2 |       |       ||     2
       Mace              |       |       |       |    29 |    39 ||    68
       Flail             |       |       |       |       |    10 ||    10
Throw: Boomerang         |       |       |       |       |     2 ||     2
       Javelin           |       |       |       |       |    13 ||    13
       Stone             |       |       |       |       |     2 ||     2
 Cast: Sandblast         |    42 |       |     8 |     2 |       ||    52
       Stone Arrow       |     3 |     7 |    58 |   157 |    47 ||   272
Invok: Sacrifice Love    |       |       |       |     1 |       ||     1
       Sacrifice Artific |       |       |       |     1 |       ||     1
       Draw Out Power    |       |       |       |     1 |     3 ||     4
       Apocalypse        |       |       |       |       |     7 ||     7
       Power Leap        |       |       |       |       |     2 ||     2
       Sacrifice Essence |       |       |       |       |     1 ||     1
       Reject Sacrifices |       |       |       |       |     1 ||     1
       Sacrifice Arcana  |       |       |       |       |     1 ||     1
  Use: Scroll            |       |       |    14 |     4 |     9 ||    27
       Potion            |       |       |       |     4 |     7 ||    11
 Stab: Sleeping          |       |     1 |     1 |     1 |     1 ||     4
       Distracted        |       |       |       |       |     6 ||     6
       Paralysed         |       |       |       |       |     2 ||     2
       Invisible         |       |       |       |       |    11 ||    11
       Confused          |       |       |       |       |     2 ||     2
Armor: Robe              |    35 |    24 |    10 |       |       ||    69
       Leather armour    |       |       |    47 |    57 |       ||   104
       Troll leather arm |       |       |       |   203 |    85 ||   288
       Crystal plate arm |       |       |       |       |   513 ||   513
Dodge: Dodged            |    49 |    57 |    62 |   211 |   163 ||   542
Block: Buckler           |       |       |       |    90 |    54 ||   144
       Kite shield       |       |       |       |       |   358 ||   358
       Tower shield      |       |       |       |       |    58 ||    58

Table legend: (Time is in decaauts)
 A = Elapsed time spent in this place.
 B = Non-inter-level travel time spent in this place.
 C = Inter-level travel time spent in this place.
 D = Time resting spent in this place.
 E = Time spent auto-exploring this place.
 F = Levels seen in this place.
 G = Mean time per level.
                   A        B        C        D        E       F      G
               +--------+--------+--------+--------+--------+-----+--------+
         Total |  26639 |  25337 |   1302 |   4686 |  16912 |  24 | 1110.0 |
       Dungeon |  16068 |  15243 |    825 |   2665 |  10510 |  14 | 1147.7 |
        Temple |    239 |    230 |      9 |     64 |    159 |   1 |  239.0 |
          Lair |   8638 |   8227 |    411 |   1720 |   5354 |   6 | 1439.7 |
  Orcish Mines |   1175 |   1119 |     56 |    134 |    666 |   2 |  587.5 |
      Ice Cave |    517 |    517 |      0 |    103 |    222 |   1 |  517.0 |
               +--------+--------+--------+--------+--------+-----+--------+

Top non-repeatable levels by time:
    D:10: 1967 daAuts
  Lair:6: 1909 daAuts
  Lair:2: 1707 daAuts
  Lair:3: 1631 daAuts
    D:11: 1560 daAuts
     D:9: 1545 daAuts
    D:12: 1539 daAuts
  Lair:5: 1313 daAuts
     D:6: 1224 daAuts
    D:14: 1190 daAuts
  Lair:1: 1139 daAuts
    D:13: 1039 daAuts
     D:1: 948 daAuts
  Lair:4: 937 daAuts
     D:4: 933 daAuts
